 Dungeon Crawl Stone Soup version 0.16.1-29-g3e760ad (webtiles) character file.

154 DevDT the Grave Robber (level 5, 0/38 HPs)
             Began as a Hill Orc Necromancer on June 6, 2015.
             Succumbed to a worker ant's poison
             ... on level 3 of the Dungeon.
             The game lasted 00:06:52 (2540 turns).

DevDT the Grave Robber (Hill Orc Necromancer)       Turns: 2540, Time: 00:06:52

Health: 0/38       AC:  3    Str: 16    XL:     5   Next: 35%
Magic:  1/7        EV: 12    Int: 16    God:
Gold:   145        SH:  0    Dex: 11    Spells: 2 memorised, 5 levels left

rFire  . . .     SeeInvis .     n - +2 dagger (venom)
rCold  . . .     Clarity  .     a - +0 robe
rNeg   . . .     SustAb   .     (no shield)
rPois  .         Gourm    .     (no helmet)
rElec  .         Spirit   .     (no cloak)
rCorr  .         Warding  .     (no gloves)
rMut   .         Stasis   .     (no boots)
MR     .....                    (no amulet)
Stlth  +.........               (no ring)
                                (no ring)

@: mighty, lethally poisoned (0 -> -5), very slightly contaminated, invisible,
not resistant to hostile enchantments, very unstealthy
A: claws 1, hooves 2, yellow scales 1, deformed body, forlorn
a: no special abilities


You were on level 3 of the Dungeon.
You were not hungry.

You visited 1 branch of the dungeon, and saw 3 of its levels.

You collected 145 gold pieces.

Inventory:

Hand weapons
 n - a +2 dagger of venom (weapon)
 q - a +0 dagger of protection
Armour
 a - a +0 robe (worn)
Magical devices
 p - a wand of draining (8)
Scrolls
 g - a scroll of recharging {unknown}
 j - 2 scrolls of identify {unknown}
 k - 3 scrolls of remove curse {unknown}
 l - a scroll of enchant weapon {unknown}
 r - a scroll of fog {unknown}
Potions
 h - a potion of restore abilities
 i - a potion of brilliance {unknown}
 m - a potion of ambrosia {unknown}
 s - a potion of heal wounds {unknown}
 t - a potion of flight {unknown}
 u - 2 potions of curing {unknown}
Books
 b - a book of Necromancy

   Spells                             Type                      Level
   a - Pain                           Necromancy                   1
   b - Animate Skeleton               Necromancy                   1
   c - Vampiric Draining              Necromancy                   3
   d - Regeneration                   Charms/Necromancy            3
   e - Animate Dead                   Necromancy                   4
   f - Control Undead                 Necromancy                   4
Comestibles
 c - 2 meat rations


   Skills:
 - Level 1.5 Dodging
 - Level 1.6 Stealth
 - Level 1.5 Spellcasting
 + Level 6.4 Necromancy


You had 5 spell levels left.
You knew the following spells:

 Your Spells              Type           Power        Failure   Level  Hunger
a - Pain                  Necr           ###.         1%          1    ##.....
b - Animate Skeleton      Necr           N/A          1%          1    ##.....


Dungeon Overview and Level Annotations

Branches:
Dungeon (3/15)

Altars:


Innate Abilities, Weirdness & Mutations

You have sharp fingernails.
You have hoof-like feet.
You are partially covered in yellow scales (AC +2).
Armour fits poorly on your strangely shaped body.
You have difficulty communicating with the divine.


Message History

Confirm with . or Enter, or press ? or * to list all spells.
Okay, then.
Drink which item? (? for menu, Esc to quit)
You feel extremely strange.
Your feet thicken and deform.
You feel forlorn.
Your fingernails lengthen.
* * * LOW HITPOINT WARNING * * *
You feel sick.
Casting: Pain
Confirm with . or Enter, or press ? or * to list all spells.
You don't know that spell.
Wield which item (- for none, * to show all)? (? for menu, Esc to quit)
Okay, then.
Drink which item? (? for menu, Esc to quit)
It was a potion of invisibility.
You fade into invisibility!
You are very lightly contaminated with residual magic.
Drink which item? (? for menu, Esc to quit)
It was a potion of might.
You feel very mighty all of a sudden.
You die...

# # #.#.#.# #.......# #
..#.....#.#.#
..#.......#.#
....#.....#.#
....#.......#
...#.#.....# #.#.
....#...#@# .#.#.
#.....#.# ......
#.#...#.#.#.......
#...####<....... #...#
#........ #######.##
#........#
.#.......#####........#
....)...........######..
........###....######


There were no monsters in sight!

Vanquished Creatures
  An orc priest (D:3)
  A worker ant (D:3)
  4 adders
  2 giant mites (D:2)
  An ooze (D:1)
  3 orcs (D:3)
  A ball python (D:1)
  4 giant cockroaches
  5 hobgoblins
  3 quokkas
  3 giant newts (D:1)
  6 goblins
  4 kobolds (D:1)
  10 rats
48 creatures vanquished.

Vanquished Creatures (others)
  A rat skeleton (D:2)
1 creature vanquished.

Grand Total: 49 creatures vanquished

Notes
Turn   | Place    | Note
--------------------------------------------------------------
     0 | D:1      | DevDT, the Hill Orc Necromancer, began the quest for the Orb.
     0 | D:1      | Reached XP level 1. HP: 14/14 MP: 2/2
   359 | D:1      | Reached XP level 2. HP: 17/20 MP: 0/3
   837 | D:1      | Learned a level 1 spell: Animate Skeleton
   995 | D:2      | Reached skill level 5 in Necromancy
   995 | D:2      | Reached XP level 3. HP: 26/26 MP: 5/5
  1466 | D:2      | Reached XP level 4. HP: 33/33 MP: 4/6
  2016 | D:3      | Reached skill level 6 in Necromancy
  2026 | D:3      | Reached XP level 5. HP: 16/38 MP: 1/7
  2537 | D:3      | Gained mutation: Armour fits poorly on your strangely shaped body. [potion of mutation]
  2537 | D:3      | Gained mutation: You are partially covered in yellow scales (AC +2). [potion of mutation]
  2537 | D:3      | Gained mutation: You have large cloven feet. [potion of mutation]
  2538 | D:3      | Gained mutation: You have hoof-like feet. [potion of mutation]
  2538 | D:3      | Gained mutation: You have difficulty communicating with the divine. [potion of mutation]
  2538 | D:3      | Gained mutation: You have sharp fingernails. [potion of mutation]
  2538 | D:3      | HP: 1/38 [poisoned by a worker ant]
  2540 | D:3      | Succumbed to a worker ant's poison

Action                   |  1- 3 |  4- 6 || total
-------------------------+-------+-------++-------
Melee: Dagger            |    59 |    44 ||   103
 Cast: Pain              |    24 |    31 ||    55
       Animate Skeleton  |     1 |       ||     1
  Use: Potion            |       |     5 ||     5
 Stab: Sleeping          |     1 |       ||     1
  Eat: Chunk             |     2 |     3 ||     5
       Beef jerky        |       |     1 ||     1
